Map: Frozen Temple

Players

SunSeT - Winner!

  • Race: Protoss Protoss
  • League: Master

BGO

  • Race: Terran Terran
  • League: Master

VOD

Have the link to the VOD?

Description

Time

  • Played on: June 1, 2016, 12:31 p.m.
  • Length: 13:03
Show
View Real Time Build Order
Export as new Build Order

SunSeT Protoss - Winner!

Build Orders: 1 Gate Expand, Blink Stalkers 

Get SALT Encoding   

  12  0:01  Probe (Chrono Boost)  
  13  0:11  Probe (Chrono Boost)  
  14  0:18  Pylon  
  14  0:22  Probe (Chrono Boost)  
  15  0:36  Gateway, Probe (Chrono Boost)  
  15  0:42  Assimilator  
  16  0:46  Probe (Chrono Boost)  
  18  0:57  Probe (Chrono Boost)  
  18  1:07  Probe (Chrono Boost)  
  19  1:22  Nexus  
  19  1:24  Probe (Chrono Boost)  
  20  1:36  Cybernetics Core  
  20  1:39  Probe (Chrono Boost)  
  21  1:50  Probe (Chrono Boost)  
  21  1:51  Assimilator  
  22  1:57  Pylon  
  22  2:00  Probe (Chrono Boost)  
  23  2:15  Mothership Core (Chrono Boost), Adept, Warp Gate  
  26  2:34  Probe (Chrono Boost)  
  26  2:36  Probe (Chrono Boost)  
  28  2:43  Stalker  
  30  2:45  Probe (Chrono Boost)  
  30  2:47  Probe (Chrono Boost)  
  32  2:54  Twilight Council  
  32  2:55  Probe (Chrono Boost)  
  32  2:57  Probe (Chrono Boost)  
  34  3:06  Probe (Chrono Boost)  
  34  3:10  Probe (Chrono Boost)  
  34  3:11  Robotics Facility  
  36  3:16  Probe (Chrono Boost)  
  37  3:21  Probe (Chrono Boost)  
  37  3:23  Blink (Chrono Boost)  
  39  3:27  Probe (Chrono Boost)  
  39  3:30  Probe (Chrono Boost)  
  40  3:38  Probe  
  40  3:40  Probe  
  41  3:42  Pylon  
  41  3:47  Pylon  
  42  3:49  Pylon  
  42  3:50  Probe  
  42  3:51  Probe  
  43  4:01  Probe  
  43  4:02  Probe  
  44  4:05  Observer (Chrono Boost)  
  46  4:13  Gateway x2, Probe  
  46  4:14  Probe  
  48  4:25  Probe  
  48  4:26  Stalker, Probe  
  48  4:29  Observer (Chrono Boost)  
  53  4:32  Nexus  
  53  4:44  Probe x2  
  55  4:46  Assimilator  
  55  4:48  Observer (Chrono Boost), Assimilator  
  56  4:52  Stalker  
  56  4:56  Probe x2  
  60  5:01  Pylon  
  60  5:08  Probe  
  60  5:11  Observer (Chrono Boost)  
  62  5:17  Stalker x3  
  62  5:18  Resonating Glaives  
  67  5:24  Probe x2  
  69  5:36  Probe  
  69  5:38  Forge  
  69  5:39  Forge  
  69  5:40  Gateway  
  69  5:42  Probe  
  70  5:43  Gateway  
  70  5:44  Probe, Pylon  
  70  5:45  Pylon  
  70  5:49  Probe  
  73  5:59  Pylon  
  73  6:03  Pylon  
  73  6:04  Stalker x3  
  79  6:17  Protoss Ground Weapons Level 1 (Chrono Boost)  
  79  6:18  Protoss Ground Armor Level 1 (Chrono Boost)  
  79  6:23  Robotics Bay  
  79  6:24  Gateway  
  79  6:25  Probe x3  
  82  6:37  Probe x3  
  85  6:40  Assimilator  
  85  6:45  Adept x4  
  93  6:49  Probe x2  
  95  6:54  Adept  
  95  6:56  Probe  
  98  7:01  Probe  
  98  7:08  Robotics Bay  
  99  7:10  Robotics Facility  
  99  7:12  Pylon  
  99  7:14  Adept x3, Assimilator  
  99  7:15  Adept  
  108  7:22  Probe  
  108  7:23  Probe x2  
  110  7:31  Stalker  
  110  7:36  Stalker x3  
  110  7:37  Stalker  
  108  7:59  Probe x3  
  108  8:00  Disruptor x2 (Chrono Boost)  
  108  8:02  Protoss Ground Weapons Level 2 (Chrono Boost)  
  117  8:13  Nexus, Photon Cannon  
  117  8:14  Photon Cannon  
  117  8:16  Pylon  
  117  8:17  Pylon, Photon Cannon, Protoss Ground Armor Level 2 (Chrono Boost)  
  116  8:33  Pylon  
  116  8:35  Disruptor (Chrono Boost)  
  116  8:36  Stalker x3, Disruptor (Chrono Boost)  
  128  8:42  Stalker x2  
  133  8:55  Probe x2  
  133  8:57  Probe  
  135  9:02  Templar Archives  
  135  9:07  Probe, Gateway  
  135  9:08  Gateway  
  136  9:15  Gateway x2  
  136  9:16  Charge  
  136  9:17  Pylon  
  136  9:18  Pylon  
  136  9:28  Pylon  
  136  9:34  Colossus x2 (Chrono Boost)  
  136  9:35  Pylon  
  148  9:42  Extended Thermal Lance (Chrono Boost)  
  148  9:52  Stalker x3  
  146  10:04  Probe  
  146  10:05  Probe x2  
  146  10:06  Probe  
  150  10:19  Gateway  
  150  10:25  Gateway  
  150  10:29  Pylon  
  150  10:31  High Templar x4  
  150  10:32  Zealot x5  
  150  10:33  Zealot  
  150  10:35  Archon x2  
  170  10:39  Assimilator  
  170  10:44  Assimilator  
  170  10:53  Nexus  
  170  10:57  Pylon  
  170  10:59  Zealot  
  170  11:02  Zealot x4  
  170  11:03  Zealot  
  182  11:04  Zealot x2  
  182  11:05  Zealot  
  182  11:07  Zealot  
  190  11:17  Pylon x2  
  190  11:20  Assimilator x2  
  188  11:38  Zealot  
  188  11:39  Zealot x7  
  196  11:40  Zealot x2  
  198  12:09  Gateway  
  198  12:11  Gateway  
  198  12:14  Stargate  
  198  12:18  Nexus  
  198  12:20  Pylon  
  179  12:53  Zealot  
  179  12:54  Zealot x6  
  179  12:55  Zealot x3  
Show
View Real Time Build Order
Export as new Build Order

BGO Terran 

Build Orders: Reaper Expand, MMM Bio 

Get SALT Encoding   

  12  0:01  SCV  
  13  0:13  SCV  
  14  0:18  Supply Depot  
  14  0:26  SCV  
  15  0:40  SCV  
  15  0:42  Barracks  
  16  0:46  Refinery  
  16  0:52  SCV  
  17  1:04  SCV  
  18  1:16  SCV  
  19  1:28  Orbital Command  
  19  1:29  Reaper  
  20  1:45  Engineering Bay  
  20  1:53  Command Center  
  20  2:02  SCV  
  21  2:10  Supply Depot  
  21  2:13  Barracks Reactor  
  21  2:16  SCV  
  21  2:19  Refinery  
  22  2:29  SCV  
  23  2:35  Factory  
  23  2:44  SCV  
  24  2:53  Marine x2  
  26  3:03  SCV  
  27  3:07  Orbital Command, Bunker  
  27  3:11  Marine x2  
  29  3:20  Factory Tech Lab  
  29  3:21  SCV, Starport  
  30  3:29  Marine x2  
  30  3:33  SCV  
  33  3:35  SCV  
  34  3:45  Cyclone  
  34  3:46  SCV  
  34  3:47  SCV  
  40  3:49  Supply Depot  
  40  4:01  SCV  
  40  4:03  SCV  
  40  4:06  Medivac, Marine x2  
  45  4:10  Barracks  
  45  4:16  SCV x2, Barracks  
  47  4:19  Supply Depot  
  47  4:30  Command Center  
  47  4:32  Marine x2  
  47  4:33  SCV  
  47  4:34  SCV  
  51  4:42  Starport Reactor  
  51  4:49  SCV, Factory Reactor  
  51  4:50  SCV  
  53  4:55  Engineering Bay  
  53  4:56  Marine  
  53  4:57  Marine  
  55  5:02  SCV x2  
  57  5:11  Stimpack  
  57  5:12  Marauder  
  59  5:26  SCV x2  
  61  5:32  Supply Depot  
  61  5:33  Terran Infantry Weapons Level 1, Supply Depot  
  61  5:36  Marine  
  61  5:41  Marine  
  61  5:42  Medivac x2, Marauder  
  69  5:44  Orbital Command  
  69  5:45  Refinery  
  69  5:47  Refinery  
  69  6:03  Marauder, Marine x4  
  75  6:07  Supply Depot  
  75  6:09  SCV, Supply Depot  
  76  6:12  Orbital Command  
  76  6:21  Marine x2  
  76  6:24  Marine  
  76  6:25  Marauder, Marine  
  82  6:34  Barracks  
  82  6:35  Barracks  
  82  6:41  SCV x3  
  82  6:46  Missile Turret, Marauder, Marine x2  
  89  6:49  Supply Depot  
  89  6:51  Supply Depot  
  90  6:54  SCV x2  
  90  7:04  Marine x2  
  90  7:07  SCV x2  
  90  7:08  Marauder  
  96  7:11  Engineering Bay  
  96  7:12  Combat Shields  
  96  7:13  Armory  
  96  7:24  Marine x2  
  96  7:25  Medivac x2, Marine  
  96  7:29  Marauder, Supply Depot  
  105  7:30  Supply Depot  
  105  7:33  SCV  
  105  7:34  SCV  
  95  7:50  Marauder  
  78  7:51  Marine x3  
  78  7:55  Barracks Tech Lab  
  78  7:56  Barracks Tech Lab  
  78  7:57  Supply Depot  
  81  8:00  Medivac x2, Supply Depot  
  81  8:03  SCV x2  
  87  8:07  Barracks  
  87  8:09  Barracks  
  87  8:11  Barracks  
  87  8:12  Ghost Academy, Marauder, Marine x2  
  91  8:13  Refinery  
  91  8:20  Marine  
  91  8:21  Marine  
  91  8:25  Marauder x2  
  97  8:29  SCV x2  
  97  8:30  Marine x2  
  97  8:33  Marauder, Terran Infantry Weapons Level 2  
  103  8:34  Terran Infantry Armor Level 1  
  103  8:38  Supply Depot, Marine x2  
  103  8:41  Supply Depot  
  105  8:46  Marauder, Marine  
  105  8:47  SCV x2  
  110  8:54  Marauder  
  112  9:01  Barracks Tech Lab x3  
  112  9:04  Marauder  
  112  9:05  Marine  
  112  9:06  Marine  
  112  9:07  Medivac x2  
  112  9:08  Marauder  
  122  9:11  SCV x2  
  122  9:16  Marauder  
  126  9:19  Command Center  
  126  9:25  Marauder  
  126  9:27  Marauder x3, Marine x3  
  126  9:29  Marauder  
  139  9:37  Marauder  
  140  9:41  Concussive Shells  
  140  9:47  Marauder  
  140  9:48  Marauder  
  140  9:50  Marauder  
  138  9:56  Marauder, Marine x4  
  138  9:57  Marauder  
  138  9:59  Marauder  
  148  10:08  Marauder  
  148  10:09  Marine  
  148  10:12  Marauder  
  148  10:14  Marine x4  
  154  10:18  Ghost, Marauder  
  154  10:19  Ghost  
  154  10:21  Supply Depot  
  163  10:22  Supply Depot  
  163  10:28  Marauder  
  165  10:29  Marine  
  166  10:39  Ghost  
  166  10:40  Marine  
  166  10:41  Marauder  
  171  10:45  Terran Infantry Armor Level 2  
  170  11:08  Ghost, Marine  
  170  11:09  Marauder, Marine x2  
  177  11:22  Marauder x3, Marine x2  
  185  11:26  Marine  
  179  11:38  Liberator x2, Marauder, Marine x3  
  160  11:42  Marauder, Marine  
  160  11:43  Marine x2  
  160  11:44  Marauder  
  159  12:00  Starport  
  156  12:02  Fusion Core  
  156  12:03  Planetary Fortress  
  156  12:06  Missile Turret  
  153  12:09  Ghost, Marauder x2, Marine x2  
  153  12:10  Marauder, Marine x2  
Tags
 
Add a new tag
Caveats
  • Supply blocks, unpowered buildings, or Contaminate may cause inaccurate times.
  • Supply counts are checked every 10 seconds.